 Dungeon Crawl Stone Soup version 0.30-a0-354-g6b83867211 (webtiles) character file.

Game seed: 15862300641533425707

69 mopl the Chopper (level 4, -9/35 HPs)
             Began as a Formicid Warper on Nov 7, 2022.
             Was a Follower of Uskayaw.
             Killed from afar by a raiju (19 damage)
             ... with a living lightning
             ... on level 1 of the Abyss.
             The game lasted 00:03:18 (1524 turns).

mopl the Chopper (Formicid Warper)                  Turns: 1524, Time: 00:03:19

Health: -9/35      AC:  6    Str: 17    XL:     4   Next: 42%
Magic:  7/7        EV: 11    Int: 13    God:    Uskayaw [*.....]
Gold:   112        SH:  0    Dex: 19    Spells: 7/7 levels left

rFire   . . .      SeeInvis +    a - +0 hand axe
rCold   . . .      Faith    .    (no shield)
rNeg    . . .      Spirit   .    f - +0 ring mail
rPois   .          Reflect  .    (helmet unavailable)
rElec   .          Harm     .    (no cloak)
rCorr   .          Rampage  .    (no gloves)
Will    .....                    k - +0 pair of boots
Stlth   +.........               (no amulet)
HPRegen 0.25/turn                j - +6 ring of dexterity
MPRegen 0.10/turn                (no ring)

@: very slow
A: permanent stasis, dig shafts and tunnels, antennae 3, four strong arms
a: Dig, Shaft Self, Renounce Religion, Stomp


You were on level 1 of the Abyss.
You worshipped Uskayaw.
Uskayaw was noncommittal.
You visited 1 branch of the dungeon, and saw 3 of its levels.
You visited the Abyss 1 time.

You collected 112 gold pieces.

Inventory:

Hand Weapons
 a - a +0 hand axe (weapon)
Missiles
 c - 7 boomerangs of dispersal (quivered)
Armour
 f - a +0 ring mail (worn)
 k - a +0 pair of boots (worn)
Jewellery
 j - a +6 ring of dexterity (left hand)
Scrolls
 e - 2 scrolls of teleportation {unknown}
 g - 2 scrolls of identify {unknown}
 i - a scroll of blinking {unknown}
Potions
 b - a potion of lignification {unknown}
 h - a potion of curing {unknown}
 l - a potion of degeneration {unknown}


   Skills:
 + Level 3.0 Fighting
 * Level 3.3 Axes
 + Level 1.0 Throwing
 - Level 1.1 Armour
 - Level 1.7 Dodging
 - Level 2.1 Spellcasting
 + Level 3.2 Translocations
 + Level 0.0 Invocations


You had 7 spell levels left.
You didn't know any spells.
Your spell library contained the following spells:

 Spells                   Type           Power      Damage    Failure   Level
 Apportation              Tloc           18%        N/A       12%         1
 Lesser Beckoning         Tloc           18%        N/A       36%         3
 Teleport Other           Tloc           9%         N/A       36%         3
 Necrotise                Necr           4%         1d4       43%         1
 Summon Small Mammal      Summ           4%         N/A       43%         1
 Vhi's Electric Charge    Tloc/Air       10%        N/A       58%         3
 Manifold Assault         Tloc           9%         N/A       77%         4
 Inner Flame              Hex/Fire       1%         N/A       80%         3
 Cause Fear               Hex            0%         N/A       99%         4
 Discord                  Hex            0%         N/A       100%        8
 Blink                    Tloc           Unusable   N/A       N/A         2

Dungeon Overview and Level Annotations

Branches:
Dungeon (3/15)

Altars:
Uskayaw

Shops:
D:2 (

Annotations:
D:3 Ijyb


Innate Abilities, Weirdness & Mutations

You cannot be hasted, slowed, berserked, paralysed or teleported.
You can dig through walls and to a lower floor.
You have a pair of large antennae on your head. (SInv)
Your four strong arms can wield two-handed weapons with a shield.


Message History

You closely miss Ijyb. Ijyb closely misses you.
Unknown command.
You hit Ijyb.
Ijyb is heavily wounded.
Ijyb hits you but does no damage. Space warps around you.
Ijyb hits you but does no damage.
You closely miss Ijyb.
Ijyb is heavily wounded.
Ijyb completely misses you.
You hit Ijyb.
Ijyb is almost dead.
Ijyb hits you with a +2 dagger of distortion.
Space warps around you.
You hit Ijyb but do no damage.
Ijyb is almost dead.
Ijyb hits you but does no damage.
You are cast into the Abyss!
This branch contains the abyssal rune of Zot.
Beware, you cannot shaft yourself on this level.
No target in view!
You sense a monster nearby.
HP restored.
You sense a monster nearby.
You enter the shallow water.
Moving in this stuff is going to be slow.
A small abomination comes into view.
The small abomination moves out of view.
A raiju comes into view.
The raiju barks!
You hear a bark!
The raiju bursts into living lightning!
The living lightning hits you!
The raiju blinks! x2; The raiju bites you.
The raiju shocks you!
* * * LOW HITPOINT WARNING * * *
Unknown command.
You enter the shallow water.
Moving in this stuff is going to be slow.
The raiju bursts into living lightning!
The living lightning hits you!!
Ouch! That really hurt!
You die...

#.#..#..#.##..# .♣~≈..
##..#.#.......##.#.#..
#..##.###.#..# ..~...
.##..##......~#~≈#..#
......#..#.≈~~.~.#.#
#..#.## ###.~.~≈...
###### ..# ##~#.###. #
#..# ##~##♣ ####{
#~#@# { #~.♣# ##h..#
#...# { { #....#
~#.##.# # .# ..# .. .#
.. .


You could see a raiju.

Vanquished Creatures
  Robin (D:2)
  A gnoll (D:1)
  A worm (D:2)
  2 dart slugs
  A ball python (D:1)
  3 endoplasms
  A giant cockroach (D:1)
  14 goblins
  4 hobgoblins
  2 quokkas
  2 bats (D:2)
  2 frilled lizards (D:1)
  A kobold (D:1)
  5 rats
40 creatures vanquished.

Vanquished Creatures (others)
  2 giant cockroaches (D:3)
  A kobold (D:3)
3 creatures vanquished.

Grand Total: 43 creatures vanquished

Notes
Turn   | Place    | Note
-------+----------+-------------------------------------------
     0 | D:1      | mopl the Formicid Warper began the quest for the Orb.
     0 | D:1      | Reached XP level 1. HP: 16/16 MP: 3/3
   197 | D:1      | Reached XP level 2. HP: 20/23 MP: 5/5
   429 | D:1      | Reached skill level 3 in Translocations
   429 | D:1      | Reached XP level 3. HP: 25/28 MP: 6/6
   655 | D:2      | Reached skill level 3 in Axes
   842 | D:2      | Noticed Robin
   913 | D:2      | Killed Robin
   914 | D:2      | Reached XP level 4. HP: 15/34 MP: 7/7
  1046 | D:2      | Found Taimor's Weapon Shoppe.
  1054 | D:2      | Found a hide-covered altar of Uskayaw.
  1120 | D:2      | Reached skill level 3 in Fighting
  1230 | D:2      | Became a worshipper of Uskayaw the Reveller
  1278 | D:3      | Noticed Ijyb
  1374 | D:3      | Reached * piety under Uskayaw
  1428 | Abyss:1  | Cast into level 1 of the Abyss (Ijyb)
  1521 | Abyss:1  | Noticed a small abomination
  1523 | Abyss:1  | Noticed a raiju
  1524 | Abyss:1  | Killed from afar by a raiju

Illustrated notes

Levels and vault maps discovered:
D:1:      amcnicky_arrival_blooded_trapdoor, layout_loops_ring
D:2:      layout_rooms, basic_altar, serial_shops, nicolae_shop_behind_doors,
          uniq_robin
D:3:      minmay_angry_zag, layout_rooms, gammafunk_ghost_necromancy,
          minmay_vboxes, uniq_ijyb
Abyss:1:  base: Temple, hangedman_abyss_or_decor_stabs

Skill      XL: |  1  2  3  4 |
---------------+-------------+-----
Translocations | 3 |  3.2
Axes           | 3 |  3.3
Fighting       | 3 |  3.0
Throwing       | |  1.0
Armour         | |  1.1
Dodging        | |  1.7
Spellcasting   | |  2.1

Action                   |  1- 3 |  4- 6 || total
-------------------------+-------+-------++-------
Melee: Hand axe          |   119 |    23 ||   142
       Punch             |     3 |       ||     3
Throw: Dart              |       |     4 ||     4
Armor: Ring mail         |    40 |     8 ||    48
       Leather armour    |     1 |       ||     1
Dodge: Dodged            |    81 |    15 ||    96

Table legend: (Time is in decaauts)
 A = Elapsed time spent in this place.
 B = Non-inter-level travel time spent in this place.
 C = Inter-level travel time spent in this place.
 D = Time resting spent in this place.
 E = Time spent auto-exploring this place.
 F = Levels seen in this place.
 G = Mean time per level.
                   A        B        C        D        E       F      G
               +--------+--------+--------+--------+--------+-----+--------+
         Total |   1550 |   1455 |     95 |    252 |    738 |   4 |  387.5 |
       Dungeon |   1453 |   1358 |     95 |    252 |    704 |   3 |  484.3 |
         Abyss |     97 |     97 |      0 |      0 |     34 |   1 |   97.0 |
               +--------+--------+--------+--------+--------+-----+--------+

Top non-repeatable levels by time:
     D:2: 756 daAuts
     D:1: 660 daAuts
 Abyss:1: 97 daAuts
     D:3: 36 daAuts
